 Dungeon Crawl Stone Soup version 0.29.1-12-g30fa7ad0bf (webtiles) character file.

Game seed: 3783777372942363112

688720 retardedninja the Axe Maniac (level 27, -8/178 (218) HPs)
             Began as a Minotaur Fighter on Jan 12, 2023.
             Was an Initiate of Gozag.
             Mangled by an angel
             ... wielding a +3 whip of holy wrath
             ... summoned by a seraph
              (9 damage)
             ... while paralysed
             ... on level 9 of the Dungeon on Jan 13, 2023.
             The game lasted 03:08:39 (117858 turns).

retardedninja the Axe Maniac (Minotaur Fighter)   Turns: 117858, Time: 03:08:55

HP:   -8/178 (218)  AC: 47    Str: 35      XL:     27
MP:   0/26          EV:  2    Int:  0 (2)  God:    Gozag
Gold: 616           SH:  0    Dex: 10      Spells: 26/26 levels left

rFire   + + +      SeeInvis .   s - +9 war axe (flame)
rCold   + . .      Faith    .   L - +0 tower shield "Doarchip" {rElec rF+ Slay+3 Stlth-}
rNeg    . . .      Spirit   +   r - +10 plate armour {rF+}
rPois   +          Reflect  .   Q - +2 hat
rElec   +          Harm     .   c - +2 cloak {Will+}
rCorr   .          Rampage  .   i - +3 Mad Mage's Maulers {Infuse+∞ RegenMP Int-3}
Will    +++..      Rage     3%  N - +3 pair of mountain boots {steadfast, rC+}
Stlth   ..........              e - amulet of guardian spirit
HPRegen 0.39/turn               h - ring "Gohoo" {rElec rF+++ AC+4}
MPRegen 0.60/turn               y - ring "Feseki" {rElec MP+9 Str+4 Dex-2 Slay+2}

@: paralysed, about to teleport, slowed, lost intelligence, glowing, heavily
drained, unable to read
A: horns 2, retaliatory headbutt, berserk 1, deformed body, deterioration 2,
dopey 1, frail 2, low MP 2, poison resistance, screaming 1, no potion heal 2,
subdued magic 1
0: Orb of Zot
}: 4/15 runes: serpentine, barnacled, slimy, silver
a: Renounce Religion, Potion Petition, Call Merchant, Bribe Branch


You were on level 9 of the Dungeon.
You worshipped Gozag.
Gozag was pleased with you.
You visited 13 branches of the dungeon, and saw 57 of its levels.
You visited the Abyss 1 time.
You visited 1 bazaar.
You also visited: Trove, Bailey and Volcano.

You collected 35341 gold pieces.
You spent 8311 gold pieces at shops.
You paid 26414 gold pieces to Gozag.

Inventory:

Hand Weapons
 s - a +9 war axe of flaming (weapon)
Missiles
 D - 3 throwing nets (quivered)
Armour
 c - a +2 cloak of willpower (worn)
 i - the +3 Mad Mage's Maulers (worn) {Infuse+∞ RegenMP Int-3}
   (You found it in a treasure trove)

   It empowers its wearer's blows with all of their magic.
   It causes its wearer's magical reserves to regenerate more quickly.
   Int:       It affects your intelligence (-3).
 r - a +10 plate armour of fire resistance (worn)
 L - the +0 tower shield "Doarchip" (worn) {rElec rF+ Slay+3 Stlth-}
   (You bought it in a shop on level 13 of the Dungeon)

   Slay:      It affects your accuracy & damage with ranged weapons and melee
   (+3).
   rF:        It protects you from fire.
   rElec:     It insulates you from electricity.
   Stlth:     It makes you less stealthy.
 N - the +3 pair of mountain boots (worn) {steadfast, rC+}
   (You bought it in a shop on level 1 of the Shoals)

   It prevents involuntary movement, except for blinking, teleportation, or
   banishment.
   rC:        It protects you from cold.
 Q - a +2 hat (worn)
Jewellery
 e - an amulet of guardian spirit (around neck)
 h - the ring "Gohoo" (left hand) {rElec rF+++ AC+4}
   (You acquired it on level 8 of the Dungeon)

   [ring of protection]

   AC:        It affects your AC (+4).
   rF:        It renders you almost immune to fire.
   rElec:     It insulates you from electricity.
 m - a ring of positive energy
 y - the ring "Feseki" (right hand) {rElec MP+9 Str+4 Dex-2 Slay+2}
   (You found it on level 2 of the Lair of Beasts)

   [ring of magical power]

   Str:       It affects your strength (+4).
   Dex:       It affects your dexterity (-2).
   Slay:      It affects your accuracy & damage with ranged weapons and melee
   (+2).
   rElec:     It insulates you from electricity.
   MP:        It affects your magic capacity (+9).
 M - the necklace of Bloodlust {*Rage Will++ Int-3 Slay+6}
   (You took it off a vampire mage on level 3 of the Crypt)

   [amulet of nothing]

   It extends the wearer's berserk rage when killing foes.
   Int:       It affects your intelligence (-3).
   Slay:      It affects your accuracy & damage with ranged weapons and melee
   (+6).
   *Rage:     It berserks you when you make melee attacks (+50% chance).
   Will:      It greatly increases your willpower.
 X - the ring "Suqaxt" {Ice Will- Dex+5}
   (You took it off Josephina on level 1 of the Realm of Zot)

   [ring of ice]

   It enhances your ice magic.
   Dex:       It affects your dexterity (+5).
   rF:        It makes you vulnerable to fire.
   rC:        It protects you from cold.
   Will:      It decreases your willpower.
Wands
 a - a wand of quicksilver (15)
 d - a wand of flame (125)
 t - a wand of iceblast (52)
 v - a wand of paralysis (75)
 J - a wand of mindburst (44)
 U - a wand of polymorph (20)
 V - a wand of digging (18)
Scrolls
 k - 10 scrolls of silence
 l - 8 scrolls of immolation
 n - 8 scrolls of fear
 p - 7 scrolls of poison
 q - 21 scrolls of butterflies
 u - 18 scrolls of teleportation
 B - 6 scrolls of amnesia
 I - 3 scrolls of torment
 T - a scroll of enchant weapon
Potions
 b - 3 potions of heal wounds
 f - 7 potions of flight
 j - 13 potions of curing
 w - 5 potions of magic
 x - a potion of cancellation
 z - 7 potions of ambrosia
 A - 8 potions of brilliance
 C - 2 potions of lignification
 F - 7 potions of resistance
Miscellaneous
 o - a box of beasts
 G - a piece from Xom's chessboard (15/15)
 H - the horn of Geryon
 O - a lightning rod (4/4)
 P - a phial of floods
 R - a phantom mirror
 S - a condenser vane


   Skills:
 O Level 27 Fighting
 O Level 27 Axes
 O Level 27 Armour
 + Level 12.7 Dodging
 + Level 9.7 Stealth
 O Level 27 Shields
 + Level 21.8 Evocations


You had 26 spell levels left.
You didn't know any spells.
Your spell library contained the following spells:

 Spells                   Type           Power      Damage    Failure   Level
 Apportation              Tloc           0%         N/A       85%         1
 Beastly Appendage        Tmut           0%         N/A       85%         1
 Foxfire                  Conj/Fire      0%         2x1d4     85%         1
 Necrotise                Necr           0%         1d4       85%         1
 Sandblast                Erth           0%         2d4       85%         1
 Shock                    Conj/Air       0%         1d3       85%         1
 Slow                     Hex            0%         N/A       85%         1
 Sting                    Tmut/Pois      0%         1d3       85%         1
 Summon Small Mammal      Summ           0%         N/A       85%         1
 Blink                    Tloc           0%         N/A       94%         2
 Ensorcelled Hibernation  Hex/Ice        0%         N/A       94%         2
 Poisonous Vapours        Pois/Air       0%         N/A       94%         2
 Static Discharge         Conj/Air       0%         3-3/arc   94%         2
 Sublimation of Blood     Necr           0%         N/A       94%         2
 Wereblood                Tmut           0%         N/A       94%         2
 Call Canine Familiar     Summ           0%         N/A       99%         3
 Confusing Touch          Hex            0%         N/A       99%         3
 Conjure Flame            Conj/Fire      0%         6-21      99%         3
 Dazzling Flash           Conj/Hex       0%         N/A       99%         3
 Frozen Ramparts          Ice            0%         1d1       99%         3
 Gell's Gravitas          Tloc           0%         N/A       99%         3
 Ignite Poison            Fire/Tmut/Pois 0%         N/A       99%         3
 Inner Flame              Hex/Fire       0%         N/A       99%         3
 Lesser Beckoning         Tloc           0%         N/A       99%         3
 Mephitic Cloud           Conj/Pois/Air  0%         N/A       99%         3
 Ozocubu's Armour         Ice            0%         N/A       99%         3
 Portal Projectile        Hex/Tloc       0%         N/A       99%         3
 Spider Form              Tmut/Pois      0%         N/A       99%         3
 Summon Guardian Golem    Hex/Summ       0%         N/A       99%         3
 Swiftness                Air            0%         N/A       99%         3
 Teleport Other           Tloc           0%         N/A       99%         3
 Tukima's Dance           Hex            0%         N/A       99%         3
 Vampiric Draining        Necr           0%         2d6       99%         3
 Airstrike                Air            0%         2d(0-16)  100%        4
 Anguish                  Hex/Necr       0%         N/A       100%        4
 Dispel Undead            Necr           0%         3d6       100%        4
 Flame Wave               Conj/Fire      0%         2d4       100%        4
 Hailstorm                Conj/Ice       0%         3d3       100%        4
 Ice Form                 Ice/Tmut       0%         N/A       100%        4
 Iskenderun's Mystic Bla  Conj/Tloc      0%         2d3       100%        4
 Leda's Liquefaction      Hex/Erth       0%         N/A       100%        4
 Olgreb's Toxic Radiance  Pois           0%         N/A       100%        4
 Passage of Golubria      Tloc           0%         N/A       100%        4
 Petrify                  Tmut/Erth      0%         N/A       100%        4
 Sticky Flame             Conj/Fire      0%         2d3       100%        4
 Summon Ice Beast         Ice/Summ       0%         N/A       100%        4
 Summon Lightning Spire   Summ/Air       0%         N/A       100%        4
 Agony                    Necr           0%         N/A       100%        5
 Alistair's Intoxication  Tmut/Pois      0%         N/A       100%        5
 Blade Hands              Tmut           0%         N/A       100%        5
 Borgnjor's Vile Clutch   Necr/Erth      0%         N/A       100%        5
 Fireball                 Conj/Fire      0%         3d3       100%        5
 Freezing Cloud           Conj/Ice/Air   0%         6-21      100%        5
 Irradiate                Conj/Tmut      0%         3d11      100%        5
 Lee's Rapid Deconstruct  Erth           0%         3d5*      100%        5
 Lightning Bolt           Conj/Air       0%         1d11      100%        5
 Manifold Assault         Tloc           0%         N/A       100%        5
 Metabolic Englaciation   Hex/Ice        0%         N/A       100%        5
 Silence                  Hex/Air        0%         N/A       100%        5
 Summon Forest            Summ/Tloc      0%         N/A       100%        5
 Summon Mana Viper        Hex/Summ       0%         N/A       100%        5
 Yara's Violent Unravell  Hex/Tmut       0%         3d3       100%        5
 Conjure Ball Lightning   Conj/Air       0%         3x3d6     100%        6
 Death Channel            Necr           0%         N/A       100%        6
 Dispersal                Tloc           0%         N/A       100%        6
 Eringya's Noxious Bog    Tmut/Pois      0%         N/A       100%        6
 Iron Shot                Conj/Erth      0%         9d1       100%        6
 Starburst                Conj/Fire      0%         6d3       100%        6
 Statue Form              Tmut/Erth      0%         N/A       100%        6
 Summon Cactus Giant      Summ           0%         N/A       100%        6
 Dragon Form              Tmut           0%         N/A       100%        7
 Enfeeble                 Hex            0%         N/A       100%        7
 Haunt                    Necr/Summ      0%         N/A       100%        7
 Monstrous Menagerie      Summ           0%         N/A       100%        7
 Orb of Destruction       Conj           0%         9d5       100%        7
 Spellforged Servitor     Conj/Summ      0%         N/A       100%        7
 Storm Form               Tmut/Air       0%         N/A       100%        7
 Summon Hydra             Summ           0%         N/A       100%        7
 Borgnjor's Revivificati  Necr           0%         N/A       100%        8
 Discord                  Hex            0%         N/A       100%        8
 Disjunction              Tloc           0%         N/A       100%        8
 Ignition                 Fire           0%         3d3       100%        8
 Infestation              Necr           0%         N/A       100%        8
 Lehudib's Crystal Spear  Conj/Erth      0%         10d2      100%        8
 Necromutation            Tmut/Necr      0%         N/A       100%        8
 Death's Door             Necr           0%         N/A       100%        9
 Polar Vortex             Ice            0%         N/A       100%        9
 Shatter                  Erth           0%         3d5*      100%        9
 Animate Dead             Necr           Unusable   N/A       N/A         4
 Simulacrum               Ice/Necr       Unusable   N/A       N/A         6

Dungeon Overview and Level Annotations

Branches:
Dungeon (15/15)            Temple (1/1) D:5            Lair (5/5) D:9
 Shoals (4/4) Lair:3        Snake (4/4) Lair:2        Slime (5/5) Lair:4
    Orc (2/2) D:11            Elf (3/3) Orc:2        Vaults (5/5) D:13
  Crypt (3/3) Vaults:3       Tomb (0/3) Crypt:3      Depths (4/4) D:15
   Hell (visited)             Dis (0/7) Hell            Geh (0/7) Hell
    Coc (0/7) Hell            Tar (0/7) Hell            Zot (5/5) Depths:4
 Bailey (visited)         Volcano (visited)

Altars:
Ashenzari
Cheibriados
Dithmenos
Elyvilon
Gozag
Kikubaaqudgha
Makhleb
Nemelex Xobeh
Sif Muna
Trog
Uskayaw
Vehumet
Wu Jian
Xom
Yredelemnul
Zin
The Shining One
Jiyva

Shops:
D:1 ?!=   D:5 ?   D:10 *   D:13 [[((:   D:15 [   Orc:1 *   Orc:2 (*[[   Elf:2 [
Shoals:1 ![=*   Shoals:2 [(**   Snake:1 [([!   Snake:2 :=:   Vaults:5 *
Depths:1 *   Depths:2 =   Depths:3 :?(   Depths:4 !*!?

Portals:
Hell: Depths:1 Depths:2 Depths:3 Depths:4
Abyss: Depths:2 Depths:3 Depths:4
Pandemonium: Depths:1 Depths:2
Ziggurat: Depths:1

Annotations:
D:11 4 transporters
Crypt:1 2 transporters, exclusion: orange crystal statue, rrossfarrar's ghost, veteran BaFi


Innate Abilities, Weirdness & Mutations

You have a pair of horns on your head.
You reflexively headbutt those who attack you in melee.
You sometimes lose your temper in combat.
Armour fits poorly on your strangely shaped body.
Your body often deteriorates upon taking damage.
You are dopey. (Int -2)
You are very frail. (-20% HP)
Your magical capacity is very low. (-20% MP)
Your system is resistant to poisons. (rPois)
You occasionally shout uncontrollably at your foes.
Potions cannot restore your health.
Your spells are a little easier to cast, but a little less powerful.


Message History

The angel hits you but does no damage. You block the angel's attack.
The ophan harnesses the cleansing power of fire!
The bolt of fire hits you! You resist.
The cherub sings a powerful hymn!
The angel goes into a battle-frenzy!
Gaodol gestures at you.
The bolt of negative energy hits the angel.
The angel completely resists.
The bolt of negative energy hits you!!!
You feel drained.
Your body deteriorates!
You feel dopey.
You have lost your intelligence.
The bolt of negative energy hits the ophan.
The ophan completely resists.
The angel hits you with a +3 whip of holy wrath.
The angel hits you but does no damage.
The angel hits you with a +3 whip of holy wrath.
* * * LOW HITPOINT WARNING * * *
The angel hits you with a +3 whip of holy wrath!
* * * LOW HITPOINT WARNING * * *
Gaodol gestures at you.
The bolt of negative energy hits the angel.
The angel completely resists.
The bolt of negative energy hits you!!
You feel drained.
* * * LOW HITPOINT WARNING * * *
The bolt of negative energy hits the ophan.
The ophan completely resists.
The cherub unwields a +0 vorpal shortbow.
The cherub wields a +0 scimitar of flaming.
It bursts into flame!
The cherub hits you but does no damage.
The cherub pecks you but does no damage.
The angel hits you but does no damage. x2
The cherub hits you but does no damage. The cherub bites you.
* * * LOW HITPOINT WARNING * * *
The angel hits you with a +3 whip of holy wrath!!
* * * LOW HITPOINT WARNING * * *
The angel hits you but does no damage.
The angel hits you with a +3 whip of holy wrath.
* * * LOW HITPOINT WARNING * * *
The angel hits you with a +3 whip of holy wrath!
You die...
Your body crumbles into a pile of gold.

#....###### #.# #.#
.....##...# #.# #.#
#)[..##...# #$# #.#
#.)).##...# #.# #.#
#....##...###$#####.#
..........G....§§§#.######
...#######AA.ADA&§.......#
.......###A##.##A#..####.#
##..##.##A..#.##@#..# #.#
##.##.##...#.##AG..# #.#
#.##.##...#.##....# #.#
#....##...#.##....# #.#
#####.........##....####.#
..........######.?.......#
#####.#####
##..#.########## # #.#
#..............# #
##.###### #.####.######.##


You could see a seraph (strong), Gaodol (sheltered), an angel (summoned, strong,
sheltered), an ophan (summoned, strong) and a cherub (sheltered).

Vanquished Creatures
  the Royal Jelly (Slime:5)
  A dread lich (Vaults:5)
  4 orbs of fire
  3 ancient liches
  Mara (Snake:3)
  Mennas (Vaults:2)
  A juggernaut (Depths:3)
  The ghost of Xenat the Impregnable, a veteran MiGl of Hepliaklqana (Crypt:3)
  Josephina (Zot:1)
  Vv (Depths:3)
  Sojobo (Depths:4)
  Boris (thrice) (Vaults:4 Crypt:2 D:15)
  2 Killer Klowns (Zot:5)
  A caustic shrike (Depths:3)
  Saint Roka (Vaults:4)
  Geryon (Hell)
  Frederick (Vaults:4)
  A curse toe (Zot:2)
  Jory (Crypt:3)
  10 golden dragons
  A bone dragon (Depths:4)
  A shard shrike zombie (Crypt:3)
  18 tentacled monstrosities
  3 hellephants
  2 electric golems
  Mlioglotl (Shoals:4)
  14 Orb Guardians (Zot:5)
  The ghost of TYRONUS the Warrior, an adept MiBe of Trog (Elf:1)
  Asterion (Snake:4)
  A walking frostbound tome (Depths:3)
  6 liches
  A tainted leviathan (Hell)
  4 deep elf blademasters
  The ghost of Radix the Warrior, an adept MiBe of Trog (Shoals:4)
  5 quicksilver dragons
  3 deep elf master archers (Elf:3)
  A titan (Vaults:5)
  21 acid blobs
  3 sphinxes
  7 ancient champions
  2 death cobs (Zot:2)
  Agnes (Snake:1)
  18 storm dragons
  Ilsuiw (Shoals:3)
  8 shadow dragons
  A draconian monk (Depths:4)
  Donald (Shoals:1)
  10 fire giants
  Roxanne (Snake:1)
  2 draconian knights
  10 rockslimes
  13 nagarajas
  11 tengu reavers
  9 azure jellies
  An iron dragon (Depths:3)
  The ghost of Ness the Skirmisher, a journeyman GnWn of Zin (D:14)
  21 vault wardens
  Louise (Shoals:4)
  10 deep elf sorcerers
  9 frost giants
  A draconian shifter (Zot:2)
  3 draconian scorchers
  3 ghost moths (Zot:2)
  An orc warlord (Vaults:2)
  2 juggernaut zombies (Crypt:3)
  2 balrugs (Crypt:1)
  2 curse skulls
  A draconian annihilator (Zot:2)
  5 deep elf elementalists
  2 draconian stormcallers (Zot:2)
  3 reapers
  6 ghouls
  24 ironbound preservers
  A spriggan defender (Depths:3)
  6 quicksilver oozes
  2 war gargoyles
  A juggernaut skeleton (Depths:1)
  18 stone giants
  11 very ugly things
  6 ironbound thunderhulks
  7 green draconians
  2 lorocyprocas
  20 vampire knights
  7 black draconians
  5 purple draconians
  5 white draconians
  3 putrid mouths (Hell)
  2 deep elf demonologists
  2 spark wasps (Depths:2)
  5 dire elephants (Vaults:1)
  3 entropy weavers
  3 deep elf annihilators
  2 iron golems (Hell)
  10 ettins
  8 red draconians
  4 eidola
  3 blizzard demons (Hell)
  8 yellow draconians
  3 crystal guardians
  5 merfolk javelineers
  A green death (Hell)
  10 deep elf death magi
  15 merfolk impalers
  12 jiangshi
  15 yaktaur captains
  Fannar (D:11)
  2 spriggan zombies (Crypt:3)
  14 fire dragons
  12 great orbs of eyes
  4 deep elf high priests
  35 vault guards
  10 ice dragons
  A boulder beetle (shapeshifter) (Vaults:4)
  4 boulder beetles
  A rakshasa (Depths:1)
  4 peacekeepers
  14 hydras
  3 catoblepae
  4 spriggan air magi
  5 merfolk avatars
  10 centaur warriors
  A caustic shrike simulacrum (Depths:2)
  11 ironbound frosthearts
  8 anacondas
  18 naga warriors
  A fenstrider witch skeleton (Crypt:2)
  3 death knights
  26 dancing weapons
  3 two-headed ogres
  4 merfolk aquamancers
  2 tengu warriors
  6 deep troll shamans
  5 deep troll earth magi
  3 hell hogs (Hell)
  A titan zombie (Crypt:3)
  3 satyrs
  82 slime creatures
  20 naga sharpshooters
  Urug (Lair:1)
  6 spriggan berserkers
  10 vampire magi
  5 death yaks
  25 hell knights
  7 soul eaters
  2 sun demons (Hell)
  10 shock serpents
  Nergalle (Lair:1)
  21 deep elf knights
  A titan skeleton (Vaults:2)
  12 iron trolls
  5 salamander mystics
  Amaemon (Lair:1)
  57 skeletal warriors
  2 bunyip zombies
  A storm dragon skeleton (Depths:1)
  A sixfirhy (D:14)
  A shadow wraith (Crypt:3)
  11 naga ritualists
  11 sea snakes
  Lodul (D:14)
  72 deep trolls
  4 flayed ghosts
  6 bog bodies
  5 glowing orange brains
  A steelbarb worm (shapeshifter) (Vaults:5)
  5 spriggan simulacra (Shoals:3)
  13 deep elf archers
  11 ironbound convokers
  Pikel (D:6)
  18 orc knights
  5 necromancers
  20 phantasmal warriors
  A golden dragon skeleton (Depths:2)
  11 wizards
  32 deep elf pyromancers
  14 harpies
  7 lindwurms
  5 orc sorcerers
  3 human zombies
  27 fauns
  21 deep elf zephyrmancers
  2 stone giant zombies (Vaults:3)
  6 cyclopes
  21 salamanders
  3 shining eyes
  37 ugly things
  18 mana vipers
  A jorogumo skeleton (Crypt:3)
  5 oklob plants
  17 manticores
  A salamander (shapeshifter) (D:14)
  30 moths of wrath
  14 vault sentinels
  3 centaur zombies (Crypt:3)
  A human skeleton (Vaults:2)
  A frost giant skeleton (Depths:2)
  A naga zombie (Crypt:3)
  A stone giant skeleton (Depths:1)
  7 elephants
  A fire giant skeleton (Crypt:1)
  8 merfolk sirens
  4 eyes of devastation
  A dire elephant zombie (Crypt:3)
  19 naga magi
  5 water nymphs
  2 rust devils
  A smoke demon (Abyss:4)
  42 black mambas
  8 cane toads
  3 gargoyles
  13 guardian serpents
  4 orange demons
  5 torpor snails (Lair:5)
  An elephant slug zombie (Crypt:2)
  A storm dragon simulacrum (Depths:2)
  14 komodo dragons
  A death yak zombie (Crypt:1)
  Maggie (D:9)
  7 freezing wraiths
  2 unseen horrors
  29 yaktaurs
  An alligator snapping turtle skeleton (Crypt:3)
  A tormentor (Zot:4)
  3 rime drakes
  4 ice devils
  2 tengu conjurers
  A hellwing (Depths:2)
  A hydra zombie (Crypt:1)
  A purple draconian skeleton (Crypt:2)
  3 tyrant leeches (Lair:5)
  4 wind drakes
  A red devil (Depths:2)
  A harpy zombie (Crypt:3)
  6 trolls
  A queen bee (Lair:3)
  26 merfolk
  12 polar bears
  A jumping spider zombie (Crypt:3)
  11 snapping turtles
  A tarantella (Vaults:2)
  A tarantella (shapeshifter) (Elf:3)
  7 hornets
  A raiju (Lair:5)
  A death drake skeleton (Crypt:3)
  28 blink frogs
  18 dream sheep
  A meliai zombie (Crypt:3)
  A frost giant simulacrum (Vaults:2)
  An ettin zombie (Depths:1)
  A spriggan (Depths:3)
  An ettin skeleton (Crypt:1)
  3 flying skulls (Crypt:2)
  68 yaks
  3 wyverns
  An air elemental (Elf:2)
  11 wraiths
  A spriggan skeleton (Depths:2)
  4 fire bats (Depths:1)
  15 water elementals
  A ynoxinul (Depths:2)
  A basilisk (Lair:1)
  Grum (D:9)
  6 vampire mosquitoes (D:13)
  3 fire elementals (Elf:1)
  A chaos spawn (Zot:3)
  A yellow draconian simulacrum (Zot:1)
  4 redbacks
  A golden eye (shapeshifter) (Elf:2)
  3 minotaur simulacra (Shoals:3)
  A purple draconian simulacrum (Zot:1)
  A wind drake skeleton (Crypt:1)
  2 yaktaur simulacra
  46 nagas
  A glowing orange brain zombie (Crypt:2)
  A deep troll zombie (Crypt:2)
  3 acid dragons
  17 wargs
  Duvessa (D:6)
  13 water moccasins
  3 floating eyes
  14 hell hounds (Lair:5)
  2 moth of wrath simulacra (Zot:1)
  A sky beast (shapeshifter) (Depths:3)
  16 ogres
  4 sky beasts (Depths:3)
  45 orc warriors
  14 black bears
  26 wolves
  4 centaurs (D:12)
  A small abomination (Abyss:4)
  A snapping turtle skeleton (Crypt:3)
  A dream sheep skeleton (Crypt:1)
  A hog skeleton (Crypt:3)
  A phantom (D:6)
  6 kobold brigands
  A gnoll sergeant (D:9)
  5 bullfrogs
  Blork the orc (D:4)
  6 necrophages
  4 earth elementals
  A glowing shapeshifter simulacrum (Vaults:3)
  A naga simulacrum (Hell)
  2 scorpions (D:6)
  A draconian skeleton (Crypt:1)
  A water moccasin skeleton (Crypt:1)
  16 wights
  Dowan (D:6)
  A troll zombie (Crypt:2)
  23 killer bees (Lair:3)
  4 howler monkeys
  7 electric eels
  A crimson imp (D:10)
  2 jellies (D:6)
  13 orc priests
  2 hounds
  A bullfrog skeleton (Crypt:1)
  A gnoll bouda (D:5)
  Ijyb (D:4)
  5 iguanas
  21 orc wizards
  2 hell rats (Lair:5)
  A deep dwarf zombie (Crypt:2)
  A tengu zombie (Crypt:2)
  An ogre skeleton (Crypt:2)
  7 adders
  8 gnolls
  A howler monkey skeleton (Crypt:2)
  11 river rats (Lair:5)
  2 shadow imps
  A swamp drake skeleton (Crypt:3)
  3 white imps
  An ufetubus (D:5)
  A worm zombie (Crypt:1)
  An iguana skeleton (Crypt:1)
  3 worms
  2 dart slugs
  83 orcs
  11 ball pythons
  5 bats
  11 endoplasms
  4 giant cockroaches
  16 goblins
  3 hobgoblins
  7 jackals
  21 kobolds
  5 quokkas
  A butterfly zombie (Crypt:2)
  2 frilled lizards
  A kobold skeleton (Crypt:1)
  4 rats
  A rat (shapeshifter) (Depths:3)
  3 fire vortices (Hell)
  4 plants
2505 creatures vanquished.

Vanquished Creatures (collateral kills)
  A dread lich (Zot:5)
  A curse toe (Zot:4)
  A golden dragon (Zot:4)
  A tentacled monstrosity (Vaults:5)
  A titan (Vaults:5)
  8 Orb Guardians (Zot:5)
  A shadow dragon (Vaults:5)
  A storm dragon (Zot:4)
  A sphinx (Vaults:5)
  A draconian knight (Zot:1)
  A draconian stormcaller (Zot:4)
  An ironbound preserver (Vaults:3)
  A draconian shifter (Zot:2)
  A draconian annihilator (Zot:2)
  2 quicksilver oozes
  A war gargoyle (Vaults:5)
  An ironbound thunderhulk (Vaults:3)
  2 green draconians
  5 black draconians
  2 red draconians
  2 white draconians (Zot:2)
  A yellow draconian (Zot:2)
  3 purple draconians
  An ettin (Vaults:3)
  A merfolk javelineer (Shoals:4)
  2 merfolk impalers (Shoals:4)
  A yaktaur captain (Vaults:5)
  2 vault guards (Vaults:5)
  A satyr (Shoals:4)
  A hell knight (Depths:3)
  2 deep trolls (Vaults:3)
  A glowing orange brain (Slime:2)
  2 lindwurms (Vaults:3)
  An orc knight (Orc:2)
  5 moths of wrath
  A faun (Shoals:4)
  A shining eye (Slime:2)
  An eye of devastation (Slime:2)
  2 hornets (Depths:3)
  2 merfolk (Shoals:4)
  4 slime creatures (Slime:2)
  2 spriggans (Depths:3)
  A water elemental (Shoals:4)
  2 orc warriors (Orc:2)
  An orc priest (Vaults:5)
  An orc wizard (Vaults:5)
  An orc (Orc:2)
79 creatures vanquished.

Vanquished Creatures (others)
  An ancient lich (Vaults:5)
  Tiamat (Zot:5)
  A curse toe (Zot:5)
  A golden dragon (Vaults:5)
  5 tentacled monstrosities
  3 titans (Vaults:5)
  A death cob (Zot:1)
  A sphinx (Vaults:5)
  A storm dragon (Zot:3)
  2 tengu reavers (Vaults:5)
  A shadow dragon (Vaults:5)
  A draconian knight (Zot:2)
  4 draconian monks
  2 vault wardens (Vaults:5)
  A fire giant (Vaults:5)
  A draconian scorcher (Zot:1)
  A deep elf sorcerer (Vaults:5)
  An ironbound preserver (Vaults:5)
  2 draconian annihilators
  2 draconian shifters
  A draconian stormcaller (Zot:2)
  A war gargoyle (Vaults:5)
  2 black draconians
  3 white draconians
  A green draconian (Zot:4)
  4 yellow draconians
  3 red draconians
  2 purple draconians
  2 ettins (Vaults:5)
  A yaktaur captain (Vaults:5)
  A deep elf high priest (Vaults:5)
  2 vault guards (Vaults:5)
  A merfolk aquamancer (Shoals:3)
  3 hell knights (Vaults:5)
  A wizard (Depths:1)
  A phantasmal warrior (Vaults:5)
  A deep elf zephyrmancer (Elf:1)
  2 necromancers (Vaults:5)
  3 moths of wrath
  2 vault sentinels (Vaults:5)
  A naga mage (Snake:1)
  A water elemental (Shoals:2)
  A warg (Vaults:5)
  An orc warrior (Vaults:5)
  A creeping inferno (Hell)
  20 fungi
  239 plants
334 creatures vanquished.

Grand Total: 2918 creatures vanquished

Notes
Turn   | Place    | Note
-------+----------+-------------------------------------------
     0 | D:1      | retardedninja the Minotaur Fighter began the quest for the
                  | Orb.
     0 | D:1      | Reached XP level 1. HP: 19/19 MP: 0/0
   209 | D:1      | Reached XP level 2. HP: 27/27 MP: 1/1
   243 | D:1      | Found Vedunui's Magic Scroll Shop.
   730 | D:1      | Found Hioqu's Jewellery Emporium.
   733 | D:1      | Reached XP level 3. HP: 28/33 MP: 2/2
  1288 | D:1      | Found Ixuffigg's Distillery.
  1666 | D:2      | Found a faded altar of an unknown god.
  2120 | D:2      | Reached XP level 4. HP: 31/41 MP: 3/3
  3679 | D:3      | Reached XP level 5. HP: 47/47 MP: 4/4
  3703 | D:3      | Noticed a water moccasin
  3714 | D:3      | Killed a water moccasin
  3715 | D:3      | Reached skill level 5 in Fighting
  3715 | D:3      | Reached skill level 5 in Armour
  3715 | D:3      | Reached skill level 5 in Shields
  4295 | D:4      | Reached XP level 6. HP: 40/56 MP: 5/5
  4419 | D:4      | Noticed Ijyb
  4428 | D:4      | Killed Ijyb
  4813 | D:4      | Found a hide-covered altar of Uskayaw.
  5013 | D:4      | Found a broken altar of Ashenzari.
  5026 | D:4      | Noticed Blork the orc
  5035 | D:4      | Killed Blork the orc
  5470 | D:5      | Entered Level 5 of the Dungeon
  5545 | D:5      | Found an ornate altar of the Wu Jian Council.
  5567 | D:5      | Reached skill level 5 in Axes
  5567 | D:5      | Reached XP level 7. HP: 47/62 MP: 6/6
  5729 | D:5      | Identified the +0 ring mail of Gupaeffu {Stlth+}
  5745 | D:5      | Found Gosetas's Magic Scroll Shop.
  6145 | D:5      | Found a shimmering blue altar of Sif Muna.
  6208 | D:5      | You fall into a shaft and drop 3 floors!
  6213 | D:8      | Identified a scroll of acquirement
  6213 | D:8      | Acquired the ring "Gohoo" {rElec rF+++ AC+4}
  6216 | D:8      | Found a glowing silver altar of Zin.
  6627 | D:8      | Found a snail-covered altar of Cheibriados.
  6739 | D:7      | Found a glowing golden altar of the Shining One.
  6851 | D:6      | Reached XP level 8. HP: 71/71 MP: 7/7
  7029 | D:6      | Noticed Pikel
  7040 | D:6      | Killed Pikel
  7395 | D:6      | Noticed Duvessa
  7395 | D:6      | Noticed Dowan
  7403 | D:6      | Killed Duvessa
  7404 | D:6      | Reached XP level 9. HP: 78/81 MP: 8/8
  7404 | D:6      | Killed Dowan
  7681 | D:5      | Found a staircase to the Ecumenical Temple.
  7777 | Temple   | Entered the Ecumenical Temple
  7791 | Temple   | Became a worshipper of Gozag Ym Sagoz the Greedy
  8831 | D:7      | Found a white marble altar of Elyvilon.
  9996 | D:8      | Reached XP level 10. HP: 63/91 MP: 9/9
 10449 | D:8      | Reached skill level 10 in Fighting
 10449 | D:8      | Reached skill level 10 in Armour
 10449 | D:8      | Reached skill level 10 in Shields
 10481 | D:8      | Noticed a death yak
 10493 | D:8      | Killed a death yak
 11413 | D:9      | Reached skill level 10 in Axes
 11449 | D:9      | Found a flagged portal.
 11473 | Bailey   | Entered a bailey
 12180 | Bailey   | Found a bloodstained altar of Trog.
 12442 | D:9      | Noticed Grum
 12483 | D:9      | Reached XP level 11. HP: 25/101 MP: 10/10
 12998 | D:9      | Killed Grum
 13290 | D:5      | Bought a scroll of acquirement for 676 gold pieces
 13290 | D:5      | Acquired a manual of Axes
 13472 | D:9      | Found a staircase to the Lair.
 13602 | D:9      | Noticed Maggie
 13611 | D:9      | Killed Maggie
 13736 | D:9      | Noticed a two-headed ogre
 13741 | D:9      | Killed a two-headed ogre
 13869 | D:9      | Noticed a two-headed ogre
 13877 | D:9      | Killed a two-headed ogre
 14508 | D:10     | Entered Level 10 of the Dungeon
 14658 | D:10     | Found a sparkling altar of Nemelex Xobeh.
 14865 | D:10     | Noticed a deep elf pyromancer
 14878 | D:10     | Killed a deep elf pyromancer
 15140 | D:10     | Noticed a white ugly thing
 15148 | D:10     | Killed a white ugly thing
 15185 | D:10     | Found a radiant altar of Vehumet.
 15186 | D:10     | Found a burning altar of Makhleb.
 15352 | D:10     | Found Emaepe's Assorted Antiques.
 15448 | D:10     | Bought an agate ring for 115 gold pieces
 15609 | D:1      | Bought an amulet of guardian spirit for 360 gold pieces
 16090 | D:11     | Noticed a seven-headed hydra
 16200 | Lair:1   | Entered Level 1 of the Lair of Beasts
 16564 | Lair:1   | Noticed Nergalle
 16570 | Lair:1   | Noticed a spectral orc warlord
 16576 | Lair:1   | Killed Nergalle
 16840 | Lair:1   | Noticed Urug
 16857 | Lair:1   | Killed Urug
 17144 | Lair:1   | Noticed Amaemon
 17156 | Lair:1   | Killed Amaemon
 17157 | Lair:1   | Reached XP level 12. HP: 84/112 MP: 7/11
 18344 | Lair:2   | Reached skill level 15 in Axes
 18359 | Lair:2   | Found a staircase to the Snake Pit.
 18392 | Lair:2   | Found a dark tunnel.
 18397 | Volcano  | Entered a volcano
 18416 | Volcano  | Found a radiant altar of Vehumet.
 18828 | Lair:2   | Identified the ring "Feseki" {rElec MP+9 Str+4 Dex-2
                  | Slay+2}
 19170 | Lair:2   | Noticed a boulder beetle
 19177 | Lair:2   | Killed a boulder beetle
 19689 | Lair:3   | Noticed a seven-headed hydra
 19699 | Lair:3   | Killed an 11-headed hydra
 20153 | Lair:3   | Reached XP level 13. HP: 111/122 MP: 12/12
 20287 | Lair:3   | Identified the +2 buckler of Music {Slay+3}
 20349 | Lair:3   | Identified the +6 leather armour of Death's Door {rPois}
 20443 | Lair:3   | Found a staircase to the Shoals.
 21977 | Lair:3   | Identified the +5 mace of Moral Flaws {spect, +Blink rElec
                  | rC++ Dex-2}
 22389 | D:1      | Bought a scroll of teleportation for 33 gold pieces
 22389 | D:1      | Bought a scroll of summoning for 104 gold pieces
 22389 | D:1      | Bought a scroll of teleportation for 33 gold pieces
 22389 | D:1      | Bought a scroll of enchant armour for 82 gold pieces
 22389 | D:1      | Bought a scroll of brand weapon for 104 gold pieces
 22389 | D:1      | Bought a scroll of enchant armour for 82 gold pieces
 22924 | Lair:4   | Identified the ring "Neluzemn" {rCorr Str+6}
 23265 | Lair:4   | Found a viscous altar of Jiyva.
 23265 | Lair:4   | Found a staircase to the Slime Pits.
 23613 | Lair:5   | Entered Level 5 of the Lair of Beasts
 23636 | Lair:5   | Reached XP level 14. HP: 105/133 MP: 13/13
 24458 | Lair:5   | Gained mutation: You are resistant to electric shocks.
                  | (rElec) [potion of mutation]
 24458 | Lair:5   | Gained mutation: You are dopey. (Int -2) [potion of
                  | mutation]
 25339 | Lair:5   | Reached skill level 15 in Armour
 25345 | Lair:5   | Reached skill level 15 in Shields
 25588 | Lair:5   | Reached skill level 15 in Fighting
 26458 | Lair:5   | Found a runed translucent door.
 26837 | Lair:5   | Reached XP level 15. HP: 139/141 MP: 14/14
 27141 | D:11     | Found a transporter.
 27436 | D:11     | Found a transporter.
 27444 | D:11     | Found a transporter.
 27644 | D:11     | Found a staircase to the Orcish Mines.
 27942 | D:11     | Noticed Fannar
 27953 | D:11     | Killed Fannar
 28130 | D:11     | Found a transporter.
 28246 | Orc:1    | Entered Level 1 of the Orcish Mines
 28568 | Orc:1    | Found Bograsoi's Assorted Antiques.
 28571 | Orc:1    | Bought a twisted onyx ring for 115 gold pieces
 28758 | Orc:2    | Entered Level 2 of the Orcish Mines
 28957 | Orc:2    | Found a staircase to the Elven Halls.
 29028 | Orc:2    | Found Nezanuody's Antique Armour Boutique.
 29074 | Orc:2    | Found Zofyur's Armour Emporium.
 29135 | Orc:2    | Bought a glowing cloak for 225 gold pieces
 29459 | Orc:2    | Found Ihugetee's Antique Weapon Boutique.
 29525 | Orc:2    | Found Pemiss Tuubi's Assorted Antiques.
 30258 | Orc:2    | Bought a yellow potion for 25 gold pieces
 31168 | D:13     | Found Diosy's Weapon Emporium.
 31313 | D:13     | Found Ycvelal's Antique Weapon Emporium.
 31511 | D:13     | Bought a glowing war axe for 221 gold pieces
 31630 | D:13     | Got the Quarto of Heated Firn
 31726 | D:13     | Found Ygogul's Book Shop.
 31857 | D:13     | Found a gate to the Vaults.
 31895 | D:13     | Found Quloin Eboz's Antique Armour Shoppe.
 31965 | D:13     | Bought a heavily runed tower shield for 304 gold pieces
 31965 | D:13     | Identified the +0 tower shield "Doarchip" {rElec rF+ Slay+3
                  | Stlth-} (You bought it in a shop on level 13 of the
                  | Dungeon)
 31965 | D:13     | Bought a pair of masterwork gloves for 304 gold pieces
 31965 | D:13     | Identified the +1 pair of gloves of the Dropbear {rC+} (You
                  | bought it in a shop on level 13 of the Dungeon)
 32040 | D:13     | Found Zabbadel's Antique Armour Shoppe.
 32414 | D:14     | Noticed Lodul
 32429 | D:14     | Killed Lodul
 32646 | D:14     | Found a transporter.
 32652 | D:14     | Noticed a shadow dragon
 32659 | D:14     | Noticed Ness's ghost (journeyman GnWn)
 32733 | D:14     | Found a transporter.
 32763 | D:14     | Found a shimmering altar of Xom.
 32829 | D:14     | Found the +2 cloak of the Thief {*Fog Slay-2 SInv Stlth+}
 33331 | D:15     | Entered Level 15 of the Dungeon
 33819 | D:15     | Found a staircase to the Depths.
 33926 | D:15     | Reached XP level 16. HP: 152/152 MP: 15/15
 33932 | D:15     | Reached skill level 1 in Evocations
 34869 | Shoals:1 | Entered Level 1 of the Shoals
 36379 | Snake:1  | Entered Level 1 of the Snake Pit
 36721 | Snake:1  | Identified Roxanne's Grimoire of the Lithosphere
 36721 | Snake:1  | Noticed Roxanne
 36807 | Snake:1  | Killed Roxanne
 37493 | Snake:1  | Noticed Agnes
 37504 | Snake:1  | Killed Agnes
 37694 | Snake:1  | Found a shadowy altar of Dithmenos.
 38004 | Snake:1  | Found Xerhim's Antique Armour Boutique.
 38011 | Snake:1  | Found Torogeg's Antique Weapon Shop.
 38011 | Snake:1  | Found Pehourhi's Antique Armour Shoppe.
 38013 | Snake:1  | Found Ibuh's Distillery.
 38120 | Snake:1  | Bought a potion of curing for 36 gold pieces
 38120 | Snake:1  | Bought a potion of heal wounds for 60 gold pieces
 38120 | Snake:1  | Bought a potion of heal wounds for 60 gold pieces
 38120 | Snake:1  | Bought a potion of heal wounds for 60 gold pieces
 38120 | Snake:1  | Bought a potion of resistance for 120 gold pieces
 38139 | Snake:1  | Bought a pair of glowing gloves for 277 gold pieces
 39311 | Snake:2  | Found Ekkievvogro's Book Emporium.
 39313 | Snake:2  | Found Iciul's Jewellery Shop.
 39314 | Snake:2  | Found Fethokao's Book Emporium.
 39677 | Snake:2  | Reached XP level 17. HP: 129/162 MP: 16/16
 40462 | Snake:3  | Acquired 970 gold pieces
 40509 | Snake:3  | HP: 8/162 [naga/+0 halberd (8)]
 40518 | Snake:3  | HP: 6/162 [poisoned by a naga ritualist (toxic radiance)]
 41326 | Snake:2  | Reached skill level 5 in Evocations
 42854 | Snake:3  | Noticed Mara
 42869 | Snake:3  | Noticed retardedninja's illusion
 42875 | Snake:3  | Killed Mara
 43691 | Snake:4  | Entered Level 4 of the Snake Pit
 43859 | Snake:4  | Noticed Asterion
 43877 | Snake:4  | Killed Asterion
 47854 | Snake:4  | Got a serpentine rune of Zot
 47981 | Snake:4  | Reached XP level 18. HP: 151/172 MP: 17/17
 50533 | Shoals:1 | Noticed Donald
 50549 | Shoals:1 | Killed Donald
 50756 | Shoals:1 | Identified the +7 quarterstaff of True Grit {pain, rCorr
                  | Int+4 Dex-2}
 51038 | Shoals:2 | Found Letrihui's Visitors' Centre.
 51601 | Shoals:1 | Acquired 660 gold pieces
 51605 | Shoals:1 | Bought a potion of berserk rage for 80 gold pieces
 51605 | Shoals:1 | Bought a potion of heal wounds for 80 gold pieces
 51605 | Shoals:1 | Bought a potion of curing for 48 gold pieces
 51605 | Shoals:1 | Bought a potion of curing for 48 gold pieces
 51605 | Shoals:1 | Bought a potion of heal wounds for 80 gold pieces
 51605 | Shoals:1 | Bought a potion of might for 64 gold pieces
 51605 | Shoals:1 | Bought a potion of curing for 48 gold pieces
 51610 | Shoals:1 | Bought the +3 pair of mountain boots {steadfast, rC+} for
                  | 1407 gold pieces
 51610 | Shoals:1 | Found the +3 pair of mountain boots {steadfast, rC+}
 51623 | Shoals:1 | Bought a scroll of summoning for 104 gold pieces
 51623 | Shoals:1 | Bought a phial of floods for 440 gold pieces
 51623 | Shoals:1 | Bought a potion of heal wounds for 55 gold pieces
 51623 | Shoals:1 | Bought 2 potions of might for 88 gold pieces
 52519 | Shoals:2 | Found Letrihui's Merfolk Magic.
 52520 | Shoals:2 | Found Letrihui's Merfolk Weapons.
 52520 | Shoals:2 | Found Letrihui's Merfolk Armours.
 52524 | Shoals:2 | Bought a potion of flight for 300 gold pieces
 52798 | Shoals:3 | Noticed Ilsuiw
 53207 | Shoals:3 | Killed Ilsuiw
 54578 | Shoals:4 | Entered Level 4 of the Shoals
 54578 | Shoals:4 | Noticed Radix's ghost (adept MiBe)
 54578 | Shoals:4 | Found a runed translucent door.
 54607 | Shoals:4 | Killed Radix's ghost
 54826 | Shoals:4 | Identified the +1 plate armour "Ikkeixuc" {Str+6}
 55196 | Shoals:4 | Noticed Louise
 55238 | Shoals:4 | Killed Louise
 55239 | Shoals:4 | Reached XP level 19. HP: 180/182 MP: 18/18
 55260 | Shoals:4 | Noticed Mlioglotl
 55274 | Shoals:4 | Killed Mlioglotl
 56301 | Shoals:4 | Got the Incunabulum of Silt
 56395 | Shoals:4 | Got a barnacled rune of Zot
 56991 | Vaults:1 | Entered Level 1 of the Vaults
 59197 | Vaults:2 | Reached skill level 27 in Axes
 59702 | Vaults:2 | Paralysed by a great orb of eyes for 3 turns
 60470 | Vaults:2 | Reached XP level 20. HP: 143/188 MP: 19/19
 60723 | Vaults:2 | Noticed Mennas
 60746 | Vaults:2 | Killed Mennas
 62445 | Vaults:3 | Reached skill level 10 in Evocations
 64035 | Vaults:3 | Found a staircase to the Crypt.
 64035 | Vaults:3 | Found an ancient bone altar of Kikubaaqudgha.
 64036 | Vaults:3 | Found a basalt altar of Yredelemnul.
 64685 | Vaults:4 | Noticed Saint Roka
 64699 | Vaults:4 | Killed Saint Roka
 64700 | Vaults:4 | Reached XP level 21. HP: 136/206 MP: 20/20
 64712 | Vaults:4 | Gained mutation: Your magical capacity is low. (-10% MP) [a
                  | neqoxec]
 64729 | Vaults:4 | Found a flickering gateway to a bazaar.
 64737 | Bazaar   | Entered a bazaar
 65124 | Bazaar   | Found Kaboef's Book Shoppe.
 65180 | Bazaar   | Found Semimavi's Antique Armour Shoppe.
 65191 | Bazaar   | Found Sumourawk's General Store.
 65199 | Bazaar   | Bought a scroll of acquirement for 572 gold pieces
 65201 | Bazaar   | Acquired a manual of Fighting
 65303 | Bazaar   | Acquired 552 gold pieces
 65336 | Vaults:4 | Gained mutation: Potions are less effective at restoring
                  | your health. [a neqoxec]
 65631 | Vaults:4 | Noticed Frederick
 65647 | Vaults:4 | Killed Frederick
 65783 | Vaults:4 | Noticed Boris
 65795 | Vaults:4 | Killed Boris
 65866 | Vaults:4 | Identified the +12 quarterstaff "Guriapn" {flame, rElec
                  | SInv}
 66994 | Elf:1    | Entered Level 1 of the Elven Halls
 67582 | Elf:1    | Found a runed translucent door.
 67591 | Elf:1    | Noticed TYRONUS's ghost (adept MiBe)
 67676 | Elf:1    | Found a portal to a secret trove of treasure.
 67857 | Elf:1    | Killed TYRONUS's ghost
 67888 | Elf:1    | Got Zafridghy's Tome of the Wasp
 68120 | Elf:1    | Found a radiant altar of Vehumet.
 68193 | Elf:2    | Paralysed by an air elemental for 1 turns
 68711 | Elf:2    | Found Woci Loi's Armour Boutique.
 68859 | Elf:2    | Found a runed translucent gate.
 68859 | Elf:2    | Found a runed translucent gate.
 68859 | Elf:2    | Found a runed translucent gate.
 69697 | Elf:3    | Entered Level 3 of the Elven Halls
 70288 | Elf:3    | Reached XP level 22. HP: 226/226 MP: 18/18
 70594 | Abyss:3  | Cast into level 3 of the Abyss (a deep elf sorcerer)
 70686 | Elf:3    | Escaped the Abyss
 71272 | Elf:2    | Gained mutation: You sometimes lose your temper in combat.
                  | [mutagenic glow]
 71287 | Elf:2    | Gained mutation: You are frail. (-10% HP) [mutagenic glow]
 73769 | D:14     | Lost mutation: You are dopey. (Int -2) [potion of mutation]
 73769 | D:14     | Lost mutation: Potions are less effective at restoring your
                  | health. [potion of mutation]
 73769 | D:14     | Lost mutation: You are resistant to electric shocks.
                  | (rElec) [potion of mutation]
 73769 | D:14     | Gained mutation: You occasionally lose the ability to read
                  | scrolls when taking damage. [potion of mutation]
 73769 | D:14     | Gained mutation: You are somewhat resistant to further
                  | mutation. [potion of mutation]
 73769 | D:14     | Gained mutation: You are partially covered in iridescent
                  | scales. (AC +2) [potion of mutation]
 73770 | D:14     | Lost mutation: You are somewhat resistant to further
                  | mutation. [potion of mutation]
 73770 | D:14     | Lost mutation: You sometimes lose your temper in combat.
                  | [potion of mutation]
 73770 | D:14     | Lost mutation: You occasionally lose the ability to read
                  | scrolls when taking damage. [potion of mutation]
 73770 | D:14     | Gained mutation: You expend magic power (3 MP) to
                  | strengthen your wands. [potion of mutation]
 73793 | D:14     | Killed Ness's ghost
 73888 | D:14     | Identified the +1 pair of gloves "Ehonoidgh" {Int+3}
 73893 | D:14     | Identified the ring "Zofully" {Will+ Str+7}
 73909 | D:14     | Reached XP level 23. HP: 202/202 MP: 19/19
 73950 | D:14     | Lost mutation: You are partially covered in iridescent
                  | scales. (AC +2) [potion of mutation]
 73950 | D:14     | Lost mutation: You expend magic power (3 MP) to strengthen
                  | your wands. [potion of mutation]
 73950 | D:14     | Gained mutation: Your system is resistant to poisons.
                  | (rPois) [potion of mutation]
 73950 | D:14     | Gained mutation: You do not regenerate when monsters are
                  | visible. [potion of mutation]
 73950 | D:14     | Gained mutation: You have a pair of large horns on your
                  | head. [potion of mutation]
 73951 | D:14     | Lost mutation: You have a pair of large horns on your head.
                  | [potion of mutation]
 73951 | D:14     | Lost mutation: Your magical capacity is low. (-10% MP)
                  | [potion of mutation]
 73951 | D:14     | Gained mutation: Your skin changes colour to match your
                  | surroundings (Stealth+). [potion of mutation]
 73951 | D:14     | Gained mutation: Your magical capacity is low. (-10% MP)
                  | [potion of mutation]
 73951 | D:14     | Lost mutation: You do not regenerate when monsters are
                  | visible. [potion of mutation]
 74798 | Elf:3    | Identified the +11 halberd of Rugex {vorpal, Dex+4}
 74849 | Elf:3    | Identified the +5 great sword "Sotzoav" {flame, rPois rC-
                  | rN+ Str+4}
 74849 | Elf:3    | Identified the amulet "Onowot" {rElec Regen+ Int+2}
 75048 | Elf:3    | Found the +8 Vampire's Tooth {vamp}
 75051 | Elf:3    | Got the Folio of Shifting Transposition
 75166 | Elf:3    | Identified the +4 scale mail of Boredom {rPois Will+ Str+4}
 75524 | Vaults:5 | Entered Level 5 of the Vaults
 75877 | Vaults:5 | Noticed a dread lich
 76084 | Vaults:5 | Killed a dread lich
 76534 | Vaults:5 | Identified the +5 arbalest of Hebleph {vorpal, Int+2}
 76534 | Vaults:5 | Identified the +5 hand axe of the King {vorpal, Contam
                  | rCorr Str+8 Dex-3 SInv}
 76873 | Vaults:5 | Noticed an ancient lich
 76900 | Vaults:5 | Killed an ancient lich
 77485 | Vaults:5 | Identified the +1 chain mail of Xulalili {-Tele rElec rN+++
                  | Int+5}
 77669 | Vaults:5 | Identified the ring of the Okapi {Fire Will- rCorr Int+4
                  | SInv}
 77866 | Vaults:5 | Identified the +0 plate armour "Zehiss" {Rampage rElec
                  | Dex+2}
 77977 | Vaults:5 | Reached skill level 27 in Fighting
 78425 | Vaults:5 | Reached XP level 24. HP: 223/224 MP: 19/19
 78431 | Vaults:5 | Found Tyufriw's Assorted Antiques.
 78441 | Vaults:5 | Bought a scroll of enchant armour for 172 gold pieces
 78542 | Vaults:5 | Got a silver rune of Zot
 78774 | Vaults:5 | Got the Disquisition on Congealing Sinister Rites
 79219 | Crypt:1  | Entered Level 1 of the Crypt
 79286 | Crypt:1  | Noticed a royal mummy
 79287 | Crypt:1  | Noticed rrossfarrar's ghost (veteran BaFi)
 79415 | Crypt:1  | Found a transporter.
 79512 | Crypt:1  | Found a magical portal.
 79767 | Crypt:1  | Found a huge runed gate.
 79767 | Crypt:1  | Found a huge runed gate.
 79767 | Crypt:1  | Found a huge runed gate.
 79767 | Crypt:1  | Found a huge runed gate.
 79767 | Crypt:1  | Found a huge runed gate.
 79767 | Crypt:1  | Found a huge runed gate.
 79767 | Crypt:1  | Found a huge runed gate.
 79767 | Crypt:1  | Found a huge runed gate.
 79767 | Crypt:1  | Found a huge runed gate.
 79816 | Crypt:1  | Found a huge runed gate.
 79816 | Crypt:1  | Found a huge runed gate.
 79816 | Crypt:1  | Found a huge runed gate.
 79816 | Crypt:1  | Found a huge runed gate.
 79816 | Crypt:1  | Found a huge runed gate.
 79816 | Crypt:1  | Found a huge runed gate.
 79817 | Crypt:1  | Found a huge runed gate.
 79818 | Crypt:1  | Found a huge runed gate.
 79819 | Crypt:1  | Found a huge runed gate.
 79827 | Crypt:1  | Found a huge runed gate.
 79827 | Crypt:1  | Found a huge runed gate.
 79827 | Crypt:1  | Found a huge runed gate.
 79827 | Crypt:1  | Found a huge runed gate.
 79827 | Crypt:1  | Found a huge runed gate.
 79827 | Crypt:1  | Found a huge runed gate.
 79828 | Crypt:1  | Found a huge runed gate.
 79829 | Crypt:1  | Found a huge runed gate.
 79830 | Crypt:1  | Found a huge runed gate.
 79838 | Crypt:1  | Found a huge runed gate.
 79838 | Crypt:1  | Found a huge runed gate.
 79838 | Crypt:1  | Found a huge runed gate.
 79838 | Crypt:1  | Found a huge runed gate.
 79838 | Crypt:1  | Found a huge runed gate.
 79838 | Crypt:1  | Found a huge runed gate.
 79838 | Crypt:1  | Found a huge runed gate.
 79839 | Crypt:1  | Found a huge runed gate.
 79840 | Crypt:1  | Found a huge runed gate.
 80204 | Crypt:1  | Found a transporter.
 80389 | Crypt:2  | Noticed an ancient lich
 80830 | Crypt:2  | Killed an ancient lich
 81308 | Elf:1    | You paid a toll of a +6 demon whip to enter a treasure
                  | trove
 81309 | Trove    | Entered a treasure trove
 81311 | Trove    | Found the +3 Mad Mage's Maulers {Infuse+∞ RegenMP Int-3}
 81313 | Trove    | Identified the +0 pair of gloves of Dupsisai {Int+6 Dex+2}
 81314 | Trove    | Identified the +5 plate armour "Nelesis" {Fly rC+}
 81323 | Trove    | Identified the +0 kite shield of a bazaar {Will+}
 81324 | Trove    | Identified the +2 pair of gloves "Alat Tobiaci" {Str+4}
 81330 | Trove    | Identified the +0 cloak of the Arena {rC++}
 81332 | Trove    | Identified the +0 pair of boots of Lucidity {rElec rN++
                  | Int+4 Stlth+}
 81673 | Crypt:2  | Noticed Boris
 81686 | Crypt:2  | Killed Boris
 83126 | Crypt:3  | Entered Level 3 of the Crypt
 84049 | Crypt:3  | Found an ancient bone altar of Kikubaaqudgha.
 84086 | Crypt:3  | Noticed Jory
 84105 | Crypt:3  | Killed Jory
 84355 | Crypt:3  | Got Kikubaaqudgha's Atlas of Iniquitous Arts
 85102 | Crypt:3  | Found a staircase to the Tomb.
 85520 | Crypt:3  | Found a large runed translucent door.
 85521 | Crypt:3  | Found a large runed translucent door.
 85521 | Crypt:3  | Noticed Xenat's ghost (veteran MiGl)
 85552 | Crypt:3  | Killed Xenat's ghost
 85881 | Crypt:3  | Reached XP level 25. HP: 225/231 MP: 0/19
 86104 | Crypt:3  | Paralysed by a vampire knight for 3 turns
 86450 | Crypt:3  | Reached skill level 15 in Evocations
 86840 | Crypt:3  | Paralysed by something for 3 turns
 87374 | Depths:1 | Entered Level 1 of the Depths
 87395 | Depths:1 | Noticed Boris
 88007 | D:15     | Killed Boris
 88495 | Depths:1 | Found a one-way gate leading to the halls of Pandemonium.
 88652 | Depths:1 | Found a one-way gateway to a ziggurat.
 89026 | Depths:1 | Identified the +11 arbalest "Rixkoagg" {freeze, rElec Will-
                  | Int+4}
 89340 | Depths:1 | Found a gateway to Hell.
 89438 | Depths:1 | Found an opulent altar of Gozag.
 89439 | Depths:1 | Found Gozag's Platinum Reserve.
 90370 | Depths:2 | Found Itsour's Jewellery Boutique.
 91036 | Depths:2 | Found a one-way gate to the infinite horrors of the Abyss.
 91742 | Depths:3 | Found Pouff's Book Emporium.
 91767 | Depths:3 | Reached skill level 27 in Armour
 92032 | Depths:3 | Found Sarekuep's Antique Weapon Emporium.
 92829 | Depths:3 | Noticed Vv
 92858 | Depths:3 | Killed Vv
 93809 | Depths:3 | Found Vuim's Magic Scroll Emporium.
 93817 | Depths:3 | Bought a scroll of teleportation for 60 gold pieces
 93817 | Depths:3 | Bought a scroll of blinking for 150 gold pieces
 94103 | Depths:4 | Entered Level 4 of the Depths
 94135 | Depths:4 | Reached XP level 26. HP: 239/239 MP: 1/19
 94230 | Depths:4 | Found a gate to the Realm of Zot.
 94690 | Depths:3 | Noticed a juggernaut
 94705 | Depths:3 | Killed a juggernaut
 94947 | Depths:4 | Noticed Sojobo
 94965 | Depths:4 | Killed Sojobo
 96305 | Zot:1    | Entered Level 1 of the Realm of Zot
 96305 | Zot:1    | Identified the ring "Suqaxt" {Ice Will- Dex+5}
 96305 | Zot:1    | Noticed Josephina
 96313 | Zot:1    | Killed Josephina
 96346 | Hell     | Entered the Vestibule of Hell
 96346 | Hell     | Noticed Geryon
 96389 | Hell     | Killed Geryon
 97278 | Hell     | Reached skill level 27 in Shields
 97753 | Hell     | Found a gateway to the decaying netherworld of Tartarus.
 97875 | Hell     | Found a gateway to the freezing wastes of Cocytus.
 98319 | Hell     | Found a gateway to the Iron City of Dis.
 98405 | Hell     | Found a gateway to the ashen valley of Gehenna.
 99075 | Slime:1  | Entered Level 1 of the Pits of Slime
 99409 | Slime:2  | Gained mutation: Potions are less effective at restoring
                  | your health. [a shining eye]
101768 | Slime:4  | Gained mutation: Armour fits poorly on your strangely
                  | shaped body. [a shining eye]
101775 | Slime:4  | Gained mutation: Potions cannot restore your health. [a
                  | shining eye]
102701 | Slime:5  | Entered Level 5 of the Pits of Slime
102935 | Slime:5  | Noticed the Royal Jelly
103226 | Slime:5  | Killed the Royal Jelly
103565 | Slime:5  | Identified the ring "Kouvviv" {+Blink Str+6}
103601 | Slime:5  | Identified the +6 trident of the Brewing Big Fish {holy,
                  | Fly rPois rF- Will++}
103624 | Slime:5  | Got the Tome of the Icy Mortuary
103640 | Slime:5  | Got a slimy rune of Zot
103702 | Slime:5  | Identified the +2 robe "Tigeb" {Harm *Corrode MP+9 Str+5}
103734 | Slime:5  | Identified the +7 rapier of Extinguishment {vorpal, rElec
                  | rCorr}
104136 | Slime:4  | Paralysed by a floating eye for 3 turns
104957 | Depths:4 | Bought a potion of experience for 900 gold pieces
104957 | Depths:4 | Bought a potion of invisibility for 144 gold pieces
104957 | Depths:4 | Reached skill level 5 in Dodging
104957 | Depths:4 | Reached XP level 27. HP: 245/245 MP: 13/19
105080 | Depths:4 | Bought a scroll of magic mapping for 75 gold pieces
105180 | Zot:1    | Reached skill level 1 in Stealth
108224 | Zot:2    | Noticed an orb of fire
108237 | Zot:2    | Gained mutation: You are very frail. (-20% HP) [an orb of
                  | fire]
109073 | Zot:2    | Reached skill level 5 in Stealth
109155 | Zot:2    | Gained mutation: You are dopey. (Int -2) [an orb of fire]
109163 | Zot:2    | Gained mutation: You have hidden genetic defects. [an orb
                  | of fire]
109164 | Zot:2    | Killed an orb of fire
109167 | Zot:2    | HP: 1/218 [storm dragon (11)]
110088 | Zot:2    | HP: 8/218 [??? (5)]
112370 | Zot:3    | Identified the +5 scale mail of Inevitability {Int+3}
112603 | Zot:3    | Identified the +6 giant spiked club "Hitium" {vorpal, rN++}
113541 | Zot:4    | Gained mutation: Your magical capacity is very low. (-20%
                  | MP) [hidden defects]
113667 | Zot:4    | Reached skill level 10 in Dodging
113708 | Zot:4    | Found the +4 dragonskin cloak
113708 | Zot:4    | Noticed Tiamat
114225 | Zot:4    | Identified the +8 quarterstaff of Peril {vamp, rC+}
114580 | Zot:5    | Entered Level 5 of the Realm of Zot
115185 | Zot:5    | Noticed a dread lich
115185 | Zot:5    | Noticed a dread lich
115196 | Zot:5    | Noticed an orb of fire
115202 | Zot:5    | Killed a dread lich
115207 | Zot:5    | Your ally Tiamat died
115207 | Zot:5    | Gained mutation: Your spells are a little easier to cast,
                  | but a little less powerful. [hidden defects]
115207 | Zot:5    | Lost mutation: You have hidden genetic defects. [hidden
                  | defects expressed]
115208 | Zot:5    | Noticed an ancient lich
115212 | Zot:5    | Noticed an orb of fire
115214 | Zot:5    | Gained mutation: You occasionally shout uncontrollably at
                  | your foes. [an orb of fire]
115216 | Zot:5    | Gained mutation: Your body sometimes deteriorates upon
                  | taking damage. [an orb of fire]
115219 | Zot:5    | Gained mutation: Your body often deteriorates upon taking
                  | damage. [an orb of fire]
116439 | Zot:5    | Lost mutation: Your skin changes colour to match your
                  | surroundings (Stealth+). [an orb of fire]
116454 | Zot:5    | Killed an orb of fire
116454 | Zot:5    | Killed an ancient lich
116462 | Zot:5    | Killed an orb of fire
116463 | Zot:5    | Noticed an orb of fire
117309 | Zot:5    | Noticed an ancient lich
117321 | Zot:5    | Killed an ancient lich
117443 | Zot:5    | Got the Orb of Zot
117505 | Zot:5    | Gained mutation: You sometimes lose your temper in combat.
                  | [an orb of fire]
117522 | Zot:4    | Killed an orb of fire
117839 | D:9      | Noticed Gaodol the pandemonium lord
117847 | D:9      | Noticed a seraph
117855 | D:9      | Lost intelligence.
117858 | D:9      | HP: 2/178 [angel/+3 whip of holy wrath[a seraph] (21)]
117858 | D:9      | Mangled by an angel

Illustrated notes

Levels and vault maps discovered:
D:1:      dreamdust_arrival_sigmund_warning, layout_basic, serial_shops,
          nicolae_shop_waterfront, nicolae_diamond_shop, nicolae_lakefront_shop
D:2:      layout_basic, chequers_ecumenical_altar_simple_redux
D:3:      layout_loops_cross, kennysheep_small_spiral
D:4:      layout_basic, mainiacjoe_overflow_six_doors_small,
          lemuel_doored_altar, serial_curves, eino_curves_03, eino_curves_03,
          uniq_blork_the_orc, uniq_ijyb
D:5:      layout_loops_ring, mainiacjoe_overflow_boulevard, led_sif_pool,
          minmay_temple_entry_enclosed_plants, serial_shops,
          nicolae_stop_n_shop_2, chequers_serial_rivers_micro_a
D:6:      layout_loops_ring, grunt_decor_arrowhead, nrook_loot_triangle,
          uniq_pikel, uniq_duvessa
D:7:      layout_rooms, mainiacjoe_overflow_cross_hatched, marbit_many_paths
D:8:      argonaut_augean_stables, layout_basic, overflow_temple_1_default,
          slow_altar_2
D:9:      layout_basic, david_lair_shrubbed, enter_bailey_3, uniq_grum,
          uniq_maggie
D:10:     layout_irregular_city, grunt_temple_overflow_lords_of_destruction,
          nemelex_xobeh_ov_fountains_minmay, serial_shops,
          nicolae_lakefront_shop
D:11:     layout_roguey, david_orc_4, nicolae_transporter_intersection,
          uniq_fannar
D:12:     layout_rooms
D:13:     layout_basic, david_vaults_1, serial_shops, shop_fountains, shop,
          shop, nicolae_take_the_stairs, nicolae_shop_crystal,
          minmay_quadrilaterals
D:14:     layout_layer_cave, gammafunk_ghost_berserking_beasts,
          xom_teletrap_fun, uniq_lodul
D:15:     grunt_enter_depths_hoard, layout_loops_ring, minivault_19,
          lemuel_flamethrower_2
Temple:   nicolae_temple_bog_church
Lair:1:   layout_small_grid, minivault_26, disabler_island,
          infiniplex_staircase_pool_2, uniq_amaemon, uniq_urug, uniq_nergalle
Lair:2:   layout_long_grid, minmay_snake_entry_spellcaster, enter_volcano_4,
          serial_bayou_shore_a
Lair:3:   minmay_lair_oklob_tunnel, layout_long_grid, elwin_shoals_entry_stream,
          special_room [special_room_bee], nicolae_lair_grazing_beasts
          [nicolae_sub_lair_graze_edge, nicolae_sub_lair_graze_edge,
          nicolae_sub_lair_graze_edge, nicolae_sub_lair_graze_edge]
Lair:4:   layout_regular_city, slime_entry_1, serial_bayou_shore_b,
          grunt_megastairs_1
Lair:5:   wormcave, layout_big_grid, hangedman_lair_caniforms_friends,
          kennysheep_rathole, lemuel_fruit_fields, grunt_megastairs_2
Shoals:1: layout_shoals, nicolae_shoals_mertower, uniq_donald
Shoals:2: nicolae_shoals_mermall, layout_shoals
Shoals:3: layout_shoals, portal_ice_cave_entry_ice_simulacra, uniq_ilsuiw
Shoals:4: shoals_end_grunt_garden, layout_shoals,
          hellmonk_ghost_happy_afterlife, abandoned_shop, uniq_mlioglotl,
          uniq_louise
Snake:1:  layout_layer_cave, basic_altar, nicolae_wooded_promenade,
          dpeg_stationary_puzzle, uniq_agnes, uniq_roxanne
Snake:2:  layout_misc_corridors, minmay_shop_grove
Snake:3:  layout_rooms, uniq_mara
Snake:4:  grunt_snake_rune_spirals, layout_onion, uniq_asterion
Slime:1:  layout_caves
Slime:2:  cheibrodos_slime_lost_civilization_10, layout_caves
Slime:3:  layout_caves
Slime:4:  cheibrodos_slime_lost_civilization_9, layout_caves
Slime:5
Orc:1:    layout_diamond_mine, serial_shops, nicolae_shop_behind_doors
Orc:2:    st_orc_town, layout_diamond_mine
Elf:1:    kennysheep_ambush_hall, layout_onion_city,
          nicolae_trove_entry_free_sample, hellmonk_ghost_big_iron, basic_altar,
          kennysheep_underground_church
Elf:2:    nicolae_elf_blades_splatter_lattice
          [nicolae_blade_entry_floor_patterns], layout_geoelf_grid,
          serial_co_window_serial, co_window_corner_a, co_window_corner_a,
          co_window_corner_a, co_window_paths_a, co_window_paths_a,
          co_window_corner_a, co_window_corner_a, co_window_corner_b,
          glass_columns_a, serial_shops, shop
Elf:3:    minmay_elf_hall_furrowed, layout_geoelf_diagonals, guppyfry_elf_castle
Vaults:1: nicolae_vaults_an_arrangement, nicolae_vaults_border_crossing,
          nicolae_vaults_mini_display_case, hangedman_vaults_cutoff,
          vaults_room_pool, nicolae_vaults_rhombus_7,
          vaults_dpeg_emergency_exit, vaults_room_grunt_arrival_ludios,
          ontoclasm_vaults_chip, ontoclasm_vaults_fault, vaults_room_door_ring,
          layout_vaults_big_room
Vaults:2: ontoclasm_vaults_loading_screen, v_misc_19, v_pattern_3,
          ontoclasm_vaults_decontamination, nicolae_vaults_ring_of_whatevers,
          nicolae_vaults_network_periphery, v_misc_10,
          grunt_vaults_hallway_short, hangedman_vaults_cutoff, v_misc_11,
          hangedman_vaults_impose, ontoclasm_vaults_spin, layout_vaults_ring,
          uniq_mennas, uniq_margery
Vaults:3: v_pattern_4, minmay_crypt_entry_necro_gods, nicolae_vaults_little_ls,
          vaults_room_fancy_cross, nicolae_vaults_twisting_passages, v_misc_8,
          vaults_room_fours, vaults_room_corners, vaults_room_fours,
          grunt_vaults_twisty, vaults_dpeg_hooks, vaults_room_pool,
          layout_vaults_quadrants
Vaults:4: v_alt_pattern_4, v_misc_19, nicolae_vaults_c_with_doors,
          nicolae_vaults_big_angled_halls, vaults_mumra_lcd,
          dpeg_vaults_monster_row, vaults_dpeg_encased_lava, grunt_vaults_swirl,
          nicolae_vaults_alarming, layout_vaults_omnicross, serial_shops,
          bzr_entry_islet, uniq_saint_roka, uniq_frederick, uniq_boris
Vaults:5: serial_shops
Crypt:1:  layout_gridlike, nzn_ghost_randoct, infiniplex_enter_wizlab_glasses,
          serial_sigils_hangedman_shear, not_door_vault_due
Crypt:2:  layout_regular_city, minmay_misc_feat_rows
Crypt:3:  church_of_pain_bobbens, layout_chaotic_city,
          ebering_ghost_disaster_area
Depths:1: layout_cave_pools, enter_ziggurat_e, nicolae_gozag_zags_fifth_avenue,
          rand_demon_pan_entry_3, grunt_hell_entry_dis_old, nooodl_orcs_dogs
Depths:2: minmay_the_grid_square_5x5_3x3 [minmay_the_grid_square_5x5_longway,
          minmay_the_grid_square_5x5_fat_x, minmay_the_grid_square_5x5_n,
          minmay_the_grid_square_5x5_three,
          minmay_the_grid_square_5x5_megaprize_open,
          minmay_the_grid_square_5x5_spiral_small,
          minmay_the_grid_square_5x5_spiral,
          minmay_the_grid_square_5x5_checkered,
          minmay_the_grid_square_5x5_n_small], layout_basic,
          nicolae_abyss_entry_one_way_or_another, kennysheep_flooded_box,
          serial_shops, nicolae_shop_temple_entry_statues_fountains,
          rand_demon_pan_entry_7, hell_entry, infiniplex_staircase_star,
          firewood_loft, serial_bayou_shore_b
Depths:3: minmay_connected_triangles_in_corner, layout_gridlike, abyss_entry,
          serial_shops, nicolae_shop_hallway_stairs, kennysheep_mini,
          nicolae_shop_advertising_works [nicolae_subvault_shop_adworks],
          hell_entry, dreamdust_looks_like_rain, uniq_grunn, uniq_vv
Depths:4: grunt_twist_and_shout, layout_basic, nrook_uturn, hell_entry,
          abyss_entry, uniq_sojobo
Hell
Zot:1:    layout_gridville, uniq_josephina
Zot:2:    grunt_deathspiral_small, layout_cathedral_of_symmetry,
          grunt_ministairs_3
Zot:3:    layout_gridlike
Zot:4:    layout_cathedral_of_symmetry, uniq_tiamat
Zot:5:    layout_basic

Skill      XL: |  1  2  3  4  5  6  7  8  9 10 11 12 13 14 15 16 17 18 19 20 21 22 23 24 25 26 27 |
---------------+----------------------------------------------------------------------------------+-----
Armour         | 4 5 6 7 9 10 12 13 14 15 16 17 18 19 20 21 22 25 27 | 27.0
Fighting       | 4 5 6 8 9 10 12 13 14 15 16 17 18 19 20 21 25 27 | 27.0
Shields        | 4 5 6 8 9 10 12 13 14 15 16 17 18 19 20 21 22 24 25 27 | 27.0
Axes           | 3 4 5 6 7 9 10 14 18 20 21 22 24 25 26 27 | 27.0
Evocations     | 4 6 8 9 10 12 13 14 16 20 21 | 21.8
Dodging        | 5 12 | 12.7
Stealth        | 9 |  9.7

Action                   |  1- 3 |  4- 6 |  7- 9 | 10-12 | 13-15 | 16-18 | 19-21 | 22-24 | 25-27 || total
-------------------------+-------+-------+-------+-------+-------+-------+-------+-------+-------++-------
Melee: War axe           |    69 |   117 |   208 |   447 |   981 |  1225 |  1244 |   954 |  1691 ||  6936
       Headbutt          |    11 |    17 |    38 |   106 |   236 |   263 |   353 |   290 |   580 ||  1894
Throw: Throwing net      |       |       |       |       |       |       |       |     1 |       ||     1
Invok: Call Merchant     |       |       |       |       |       |     5 |       |       |     4 ||     9
       Potion Petition   |       |       |       |       |       |     8 |       |     3 |     5 ||    16
       Bribe Branch      |       |       |       |       |       |       |       |     1 |     2 ||     3
Evoke: Wand              |       |       |       |       |     1 |     6 |     6 |     4 |       ||    17
       Lightning rod     |       |       |       |       |       |     9 |     3 |       |     1 ||    13
       Box of beasts     |       |       |       |       |       |     3 |     2 |     2 |     3 ||    10
       Phial of floods   |       |       |       |       |       |       |     1 |       |       ||     1
       Phantom mirror    |       |       |       |       |       |       |       |     1 |     7 ||     8
       Condenser vane    |       |       |       |       |       |       |       |       |     4 ||     4
       Horn of Geryon    |       |       |       |       |       |       |       |       |     7 ||     7
  Use: Potion            |       |     5 |     7 |     4 |     5 |    19 |     6 |    15 |    11 ||    72
       Scroll            |       |     4 |     9 |    20 |     9 |    25 |    11 |    14 |    24 ||   116
 Stab: Distracted        |       |       |       |       |     9 |    11 |     5 |    11 |    13 ||    49
       Invisible         |       |       |       |       |    13 |     1 |       |       |     2 ||    16
       Fleeing           |       |       |       |       |       |     1 |       |       |     1 ||     2
       Confused          |       |       |       |       |       |       |       |       |     1 ||     1
Armor: Scale mail        |    23 |       |       |       |       |       |       |       |       ||    23
       Chain mail        |     5 |    77 |    79 |       |       |       |       |       |       ||   161
       Plate armour      |       |       |    67 |   290 |   461 |   678 |   583 |   609 |   943 ||  3631
       Skin              |       |       |       |       |       |       |       |       |     9 ||     9
Dodge: Dodged            |    24 |    54 |    90 |   133 |   213 |   217 |   171 |   168 |   366 ||  1436
Block: Buckler           |    11 |    30 |    65 |   122 |   266 |       |       |       |       ||   494
       Tower shield      |       |       |       |       |    73 |  1168 |   938 |   876 |  1414 ||  4469
